 Dungeon Crawl Stone Soup version 0.25.1-2-g60ff931df9 (webtiles) character file.

Game seed: 16476485290855027888

152976 Erymatos the Severer (level 17, -1/157 HPs)
             Began as a Minotaur Berserker on Nov 16, 2020.
             Was a High Priest of Trog.
             Slain by a naga
             ... wielding a +0 hand axe
              (4 damage)
             ... on level 3 of the Snake Pit.
             The game lasted 01:50:50 (35110 turns).

Erymatos the Severer (Minotaur Berserker)          Turns: 35110, Time: 01:50:52

Health: -1/157     AC: 14    Str: 20    XL:     17   Next: 3%
Magic:  1/5        EV: 18    Int:  4    God:    Trog [*****.]
Gold:   1185       SH: 26    Dex: 15    Spells: 16/16 levels left

rFire    + . .     SeeInvis .   I - +5 war axe (antimagic)
rCold    + . .     Gourm    .   A - +0 tower shield
rNeg     + . .     Faith    .   z - +0 swamp dragon scales
rPois    +         Spirit   .   (helmet restricted)
rElec    .         Reflect  +   n - scarf {+Inv}
rCorr    .         Harm     .   Z - +1 pair of gloves
MR       +....                  (no boots)
Stlth    +.........             l - amulet of reflection
HPRegen  0.36/turn              a - ring of protection from cold
MPRegen  0.09/turn              V - ring of Pierusoo {rF+ rN+ Str-4 Slay+6}

@: lethally poisoned (-1 -> -1), berserk cooldown, slowed, very slow
A: retaliatory headbutt, horns 2
a: Berserk, Trog's Hand, Brothers in Arms, Renounce Religion, Evoke Invisibility


You were on level 3 of the Snake Pit.
You worshipped Trog.
Trog was extremely pleased with you.
You were hungry.

You visited 5 branches of the dungeon, and saw 27 of its levels.
You also visited: Gauntlet and Ice Cave.

You collected 2838 gold pieces.
You spent 1653 gold pieces at shops.

Inventory:

Hand Weapons
 H - the +9 mace of Courage {venom, rN+}
   (You found it on level 3 of the Snake Pit)

   It poisons the flesh of those it strikes.
   It protects you from negative energy.
 I - a +5 antimagic war axe (weapon)
 J - a +1 vorpal broad axe
 K - a +1 hand axe of flaming
Armour
 n - a scarf of invisibility (worn)
 z - +0 swamp dragon scales (worn)
 A - a +0 tower shield (worn)
 S - the +5 chain mail of the Ten of Cups {rF+}
   (You took it off an orc warrior on level 11 of the Dungeon)

   It protects you from fire.
 W - a +3 plate armour of fire resistance
 Z - a +1 pair of gloves (worn)
Jewellery
 a - a ring of protection from cold (left hand)
 l - an amulet of reflection (around neck)
 B - an uncursed ring of see invisible
 C - an uncursed amulet of faith
 D - the ring "Zaech" {*Tele rElec rF+}
   (You found it in an ice cave)

   [ring of teleportation]

   It may teleport you next to monsters.
   It protects you from fire.
   It insulates you from electricity.
 M - a +4 ring of protection
 P - an uncursed ring of protection from magic
 V - the ring of Pierusoo (right hand) {rF+ rN+ Str-4 Slay+6}
   (You found it in a Gauntlet)

   [ring of protection from fire]

   It affects your strength (-4).
   It affects your accuracy and damage with ranged weapons and melee attacks
   (+6).
   It protects you from fire.
   It protects you from negative energy.
Wands
 o - a wand of digging (4)
 u - a wand of enslavement (7)
Scrolls
 b - 2 scrolls of enchant weapon {unknown}
 e - 9 scrolls of teleportation
 f - 7 scrolls of enchant armour
 g - 12 scrolls of remove curse
 h - 5 scrolls of magic mapping
 j - 6 scrolls of blinking
 r - 2 scrolls of immolation
 t - a scroll of identify
 y - 3 scrolls of fog {unknown}
 F - 3 scrolls of random uselessness
 G - 5 scrolls of fear
 N - a scroll of acquirement {unknown}
 O - a scroll of summoning {unknown}
Potions
 d - 5 potions of might
 i - 5 potions of haste
 k - a potion of heal wounds
 m - 14 potions of curing
 p - 5 potions of mutation
 q - 3 potions of stabbing
 s - a potion of cancellation
 v - 5 potions of flight
 w - 3 potions of resistance
 x - 4 potions of invisibility
 E - 3 potions of ambrosia {unknown}
 L - 3 potions of brilliance {unknown}
 U - 7 potions of lignification {unknown}
 Y - a potion of degeneration {unknown}
Comestibles
 c - 41 rations


   Skills:
 + Level 15.7 Fighting
 + Level 19.2 Axes
 - Level 0.8(13.0) Maces & Flails
 + Level 14.0 Armour
 * Level 12.8 Dodging
 + Level 17.5 Shields
 + Level 0.6 Evocations


You had 16 spell levels left.
You didn't know any spells.
Your spell library was empty.

Dungeon Overview and Level Annotations

Branches:
Dungeon (15/15)            Temple (0/1) D:7            Lair (5/6) D:10
  Swamp (1/4) Lair:2        Snake (4/4) Lair:4          Orc (2/2) D:10
    Elf (0/3) Orc:2        Vaults (0/5) D:13         Depths (0/5) D:15
  IceCv (visited)         Gauntlet (visited)
  Slime: Lair:5-6

Altars:
Ashenzari
Cheibriados
Dithmenos
Elyvilon
Hepliaklqana
Kikubaaqudgha
Nemelex Xobeh
The Shining One
Beogh

Shops:
D:7 [   D:12 =   D:13 (   D:14 (   Orc:2 ??   Snake:2 }

Annotations:
D:13 exclusion: obsidian statue


Innate Abilities, Weirdness & Mutations

You reflexively headbutt those who attack you in melee.
You have a pair of horns on your head.


Message History

* * * LOW HITPOINT WARNING * * *
You closely miss the naga. You block the shock serpent's attack.
You block the naga's attack. The naga closely misses you.
The shock serpent shoots out a bolt of lightning at you!
The bolt of electricity hits you!
* * * LOW HITPOINT WARNING * * *
You block the shock serpent's attack.
You feel much better. You block the shock serpent's attack.
The shock serpent shoots out a bolt of lightning at you!
The bolt of electricity misses you. The bolt of electricity hits you!
* * * LOW HITPOINT WARNING * * *
The naga spits poison at you.
The splash of poison reflects off an invisible shield around you!
The splash of poison hits the naga.
The naga is poisoned.
You block the shock serpent's attack.
The shock serpent shoots out a bolt of lightning at you!
The bolt of electricity hits you!!
* * * LOW HITPOINT WARNING * * *
The bolt of electricity misses you. The naga hits you with a +0 hand axe.
You die...

##..............####
##.......#..#.....##>
##....################
##....## ##....##
############### ##.##.##
##....[...#..... ##....##
##....)....#..... #....##
##.....)..)..#....
###.....###@...############.
##...##...#SSN.## #.
##..#.###......##
###########. ##....##
##....## ##..........:
##....## #...##
##............ #....## ##.##
##............. #...## ####
### ##....########.# #...#
##..## ##....## #..# #..##
#..#.# ##.#()## ######..#


You could see 2 shock serpents and a naga (poisoned, catching breath).

Vanquished Creatures
  4 nagarajas
  A frost giant (IceCv)
  The ghost of Sumel the Ruinous, an adept DECj of Sif Muna (Snake:1)
  A minotaur (Gauntlet)
  An ogre mage (D:15)
  Josephine (Lair:4)
  8 hydras
  Harold (D:10)
  4 vault guards (D:13)
  5 naga warriors
  A ghost crab (Swamp:1)
  4 anacondas
  2 centaur warriors
  4 two-headed ogres
  3 death knights
  7 alligators (Swamp:1)
  2 death yaks (IceCv)
  5 orc high priests (Orc:2)
  6 naga sharpshooters
  7 shock serpents
  2 skeletal warriors (D:13)
  A sixfirhy (Orc:2)
  3 salamander mystics
  An unseen horror (D:13)
  A naga ritualist (Snake:2)
  2 swamp dragons (Swamp:1)
  An infernal demonspawn (Orc:2)
  A torturous demonspawn (Orc:2)
  2 wizards (D:15)
  3 orc knights (Orc:2)
  A necromancer (Gauntlet)
  11 mana vipers
  A manticore (D:15)
  A wolf spider zombie (D:13)
  5 orc sorcerers
  16 ugly things
  7 salamanders
  3 oklob plants
  17 naga magi
  5 elephants
  3 cyclopes
  2 guardian serpents
  A smoke demon (Orc:2)
  An ice statue (IceCv)
  Joseph (D:9)
  21 black mambas
  7 spiny frogs
  2 gargoyles
  Psyche (D:12)
  2 minotaur zombies (Gauntlet)
  3 rime drakes
  2 ice devils (Lair:5)
  5 komodo dragons
  A jumping spider (Gauntlet)
  3 tengu conjurers (D:14)
  12 polar bears (IceCv)
  8 trolls
  Prince Ribbit (D:5)
  14 blink frogs
  8 slime creatures
  A hornet (Swamp:1)
  2 bog bodies
  2 tyrant leeches (Swamp:1)
  6 hippogriffs
  A shadow (D:14)
  11 wraiths
  4 wyverns
  Eustachio (D:6)
  4 hungry ghosts
  32 nagas
  4 wargs
  2 vampire mosquitoes (D:14)
  59 yaks
  8 swamp worms
  An acid dragon (D:15)
  9 porcupines
  Duvessa (D:5)
  29 orc warriors
  14 water moccasins
  2 swamp drakes (Swamp:1)
  3 sky beasts
  2 black bears
  8 ice beasts
  An eye of draining (D:13)
  3 boggarts (D:11)
  4 phantoms
  46 wolves
  5 necrophages
  16 ogres
  7 centaurs
  6 crocodiles
  A big kobold (D:13)
  22 bullfrogs
  Blork the orc (D:4)
  Dowan (D:5)
  A wyvern zombie (D:11)
  2 scorpions
  A water moccasin skeleton (D:7)
  4 troll zombies (D:10)
  5 killer bees (D:10)
  19 wights
  5 howler monkeys
  4 crimson imps
  A quasit (D:13)
  2 centaur zombies
  4 centaur skeletons
  8 hounds
  21 orc priests
  2 gnoll shamans
  18 jellies
  A bullfrog skeleton (D:7)
  An iron imp (D:7)
  21 orc wizards
  Jessica (D:3)
  Ijyb (D:3)
  4 iguanas
  16 worker ants
  A killer bee zombie (D:6)
  4 ogre zombies (D:10)
  4 hound skeletons
  2 mummies (D:12)
  A worker ant zombie (D:7)
  Robin (D:2)
  A howler monkey skeleton (D:7)
  10 gnolls
  15 adders
  9 shadow imps
  12 oozes
  2 worms
  3 leopard geckos
  82 orcs
  6 giant cockroaches
  18 goblins
  8 hobgoblins
  8 jackals
  6 quokkas
  3 bats
  5 frilled lizards (D:2)
  3 goblin skeletons (D:10)
  3 goblin zombies (D:10)
  A hobgoblin skeleton (D:10)
  A hobgoblin zombie (D:10)
  9 kobolds
  A leopard gecko skeleton (D:4)
  An orc skeleton (D:10)
  16 orc zombies (D:10)
  A quokka skeleton (D:4)
  4 rats
  A fungus (Lair:2)
  2 plants (Lair:4)
  A withered plant (D:12)
956 creatures vanquished.

Vanquished Creatures (collateral kills)
  4 vault guards (D:13)
  2 hydras
  2 centaur warriors
  A death knight (D:13)
  2 orc high priests (Orc:2)
  A torturous demonspawn (Orc:2)
  3 orc knights (Orc:2)
  An orc sorcerer (Orc:2)
  A manticore (D:9)
  A centaur zombie (D:13)
  A naga mage (Snake:4)
  A centaur skeleton (D:11)
  A red devil (Orc:2)
  A troll (D:9)
  A basilisk (Lair:1)
  8 orc warriors (Orc:2)
  An ogre (D:11)
  A centaur (D:9)
  A bullfrog (D:9)
  4 orc priests (Orc:2)
  An orc wizard (D:11)
  6 orcs (Orc:2)
45 creatures vanquished.

Vanquished Creatures (others)
  An unseen horror (D:9)
  A naga mage (Snake:2)
  A polar bear (IceCv)
  2 wolves (IceCv)
  8 fungi
  7 plants
20 creatures vanquished.

Grand Total: 1021 creatures vanquished

Notes
Turn   | Place    | Note
-------+----------+-------------------------------------------
     0 | D:1      | Erymatos the Minotaur Berserker began the quest for the
                  | Orb.
     0 | D:1      | Reached XP level 1. HP: 19/19 MP: 0/0
   773 | D:2      | Reached XP level 2. HP: 27/27 MP: 1/1
   774 | D:2      | Reached skill level 4 in Axes
   832 | D:2      | Found a faded altar of an unknown god.
  1025 | D:2      | Reached XP level 3. HP: 33/33 MP: 2/2
  1055 | D:2      | Found a shattered altar of Ashenzari.
  1244 | D:2      | Noticed Robin
  1249 | D:2      | Reached ** piety under Trog
  1256 | D:2      | Killed Robin
  1256 | D:2      | Reached XP level 4. HP: 41/41 MP: 3/3
  1937 | D:3      | Noticed Ijyb
  1951 | D:3      | Reached skill level 5 in Axes
  1957 | D:3      | Killed Ijyb
  1957 | D:3      | Reached skill level 5 in Fighting
  2060 | D:3      | Noticed Jessica
  2068 | D:3      | Killed Jessica
  2068 | D:3      | Reached XP level 5. HP: 48/48 MP: 4/4
  2217 | D:3      | Reached skill level 1 in Shields
  2772 | D:4      | Noticed an ogre
  2781 | D:4      | Killed an ogre
  2781 | D:4      | Reached skill level 6 in Axes
  2781 | D:4      | Reached XP level 6. HP: 57/57 MP: 5/5
  2998 | D:4      | Reached *** piety under Trog
  3259 | D:4      | Noticed Blork the orc
  3267 | D:4      | Killed Blork the orc
  3267 | D:4      | Reached XP level 7. HP: 63/63 MP: 6/6
  3610 | D:4      | Found a shadowy altar of Dithmenos.
  3764 | D:4      | Found a glowing golden altar of the Shining One.
  3764 | D:4      | Found a hazy altar of Hepliaklqana.
  3834 | D:5      | Entered Level 5 of the Dungeon
  3877 | D:5      | Noticed Duvessa
  3877 | D:5      | Noticed Dowan
  3890 | D:5      | Killed Duvessa
  3890 | D:5      | Reached skill level 7 in Axes
  3910 | D:5      | Killed Dowan
  3971 | D:5      | Reached skill level 5 in Armour
  4023 | D:5      | Paralysed by fainting for 5 turns
  4165 | D:5      | Found a sparkling altar of Nemelex Xobeh.
  4450 | D:5      | Noticed Prince Ribbit
  4458 | D:5      | Killed Prince Ribbit
  4458 | D:5      | Reached XP level 8. HP: 71/71 MP: 7/7
  5189 | D:6      | Reached skill level 8 in Axes
  5436 | D:6      | Found a white marble altar of Elyvilon.
  5567 | D:6      | Noticed Eustachio
  5614 | D:6      | Killed Eustachio
  5701 | D:6      | Reached skill level 9 in Axes
  5808 | D:6      | Reached skill level 5 in Dodging
  6096 | D:6      | Reached XP level 9. HP: 79/79 MP: 8/8
  6297 | D:7      | Reached skill level 10 in Axes
  6669 | D:7      | Found a staircase to the Ecumenical Temple.
  6673 | D:7      | Reached **** piety under Trog
  6829 | D:7      | Found Acoibuod's Armour Boutique.
  6840 | D:7      | Bought a +2 chain mail of cold resistance for 236 gold
                  | pieces
  6868 | D:7      | Found a snail-covered altar of Cheibriados.
  6975 | D:7      | Found a flagged portal.
  7275 | D:7      | Reached skill level 11 in Axes
  7364 | D:7      | Noticed a troll
  7366 | D:7      | Identified the cursed +2 morningstar "Mehuxt" {flame, rC++
                  | Dex+2}
  7372 | D:7      | Killed a troll
  7373 | D:7      | Reached XP level 10. HP: 47/90 MP: 9/9
  7871 | D:8      | Reached skill level 5 in Shields
  8045 | D:8      | Reached ***** piety under Trog
  8084 | D:8      | Found a white marble altar of Elyvilon.
  8799 | D:9      | Reached skill level 12 in Axes
  9129 | D:9      | Noticed Joseph
  9147 | D:9      | Killed Joseph
  9264 | D:9      | Noticed a manticore
  9268 | D:9      | Killed an unseen horror
  9276 | D:9      | Killed a manticore
  9623 | D:9      | Reached XP level 11. HP: 97/97 MP: 10/10
  9786 | D:10     | Entered Level 10 of the Dungeon
  9838 | D:10     | Found an ancient bone altar of Kikubaaqudgha.
  9877 | D:10     | Found a staircase to the Lair.
 10010 | D:10     | Noticed Harold
 10018 | D:10     | Killed Harold
 10150 | D:10     | Reached skill level 13 in Axes
 10171 | D:10     | Found a staircase to the Orcish Mines.
 10176 | D:10     | Reached ****** piety under Trog
 10189 | D:10     | Received a gift from Trog
 10510 | D:11     | Reached skill level 10 in Armour
 10605 | D:11     | Noticed a seven-headed hydra
 10663 | D:11     | Noticed a centaur warrior
 10727 | D:11     | Noticed a five-headed hydra
 10733 | D:11     | Killed an eight-headed hydra
 10733 | D:11     | Reached skill level 10 in Fighting
 10927 | D:11     | Reached skill level 14 in Axes
 11054 | D:11     | Noticed a purple ugly thing
 11066 | D:11     | Killed a purple ugly thing
 11548 | D:11     | Noticed a centaur warrior
 11548 | D:11     | Identified the +5 chain mail of the Ten of Cups {rF+}
 11562 | D:11     | Found a transporter.
 11614 | D:11     | Noticed a two-headed ogre
 11863 | D:11     | Found a transporter.
 11992 | D:12     | Found Ugi Niab's Jewellery Boutique.
 12015 | D:12     | Bought a +4 ring of protection for 540 gold pieces
 12153 | D:12     | Noticed a brown ugly thing
 12166 | D:12     | Killed a brown ugly thing
 12248 | D:12     | Noticed a cyan ugly thing
 12252 | D:12     | Killed a cyan ugly thing
 12252 | D:12     | Reached XP level 12. HP: 108/108 MP: 11/11
 12298 | D:12     | Noticed Psyche
 12302 | D:12     | Killed Psyche
 12478 | D:12     | Received a gift from Trog
 12782 | D:11     | Killed a centaur warrior
 12801 | D:11     | Killed a centaur warrior
 12808 | D:11     | Killed a ten-headed hydra
 13421 | D:11     | Reached skill level 15 in Axes
 13458 | D:13     | Reached skill level 10 in Shields
 14275 | D:13     | Noticed a five-headed hydra
 14282 | D:13     | Killed a six-headed hydra
 14387 | D:13     | Found a gate to the Vaults.
 14387 | D:13     | Noticed a vault guard
 14387 | D:13     | Noticed a vault guard
 14387 | D:13     | Noticed a vault guard
 14387 | D:13     | Noticed a vault guard
 14388 | D:13     | Noticed a vault guard
 14388 | D:13     | Noticed a vault guard
 14388 | D:13     | Noticed a vault guard
 14388 | D:13     | Noticed a vault guard
 14398 | D:13     | Killed a vault guard
 14401 | D:13     | Killed a vault guard
 14404 | D:13     | Killed a vault guard
 14410 | D:13     | Killed a vault guard
 14423 | D:13     | Killed a vault guard
 14430 | D:13     | Killed a vault guard
 14437 | D:13     | Killed a vault guard
 14446 | D:13     | Killed a vault guard
 14446 | D:13     | Reached XP level 13. HP: 106/117 MP: 12/12
 14491 | D:13     | Found Cesiosao's Antique Weapon Shop.
 14757 | D:13     | Reached skill level 16 in Axes
 16035 | D:14     | Found Xiliunlo's Weapon Shoppe.
 16434 | D:14     | Reached skill level 17 in Axes
 16727 | D:15     | Entered Level 15 of the Dungeon
 16824 | D:15     | Paralysed by an orc sorcerer for 6 turns
 17273 | D:15     | Found a staircase to the Depths.
 17443 | D:15     | Reached XP level 14. HP: 125/127 MP: 13/13
 18343 | D:15     | Found a snail-covered altar of Cheibriados.
 18879 | Lair:1   | Entered Level 1 of the Lair of Beasts
 18991 | Lair:1   | Found a gate leading to a gauntlet.
 19002 | Gauntlet | Entered a Gauntlet
 19002 | Gauntlet | Found a runed translucent gate.
 19002 | Gauntlet | Found a transporter.
 19002 | Gauntlet | Found a runed translucent gate.
 19002 | Gauntlet | Found a runed translucent gate.
 19002 | Gauntlet | Found a transporter.
 19004 | Gauntlet | Found a transporter.
 19022 | Gauntlet | Found a transporter.
 19023 | Gauntlet | Found a transporter.
 19035 | Gauntlet | Found a transporter.
 19039 | Gauntlet | Found a runed translucent door.
 19039 | Gauntlet | Found a runed translucent door.
 19043 | Gauntlet | Found a transporter.
 19060 | Gauntlet | Found a transporter.
 19065 | Gauntlet | Found a transporter.
 19081 | Gauntlet | Noticed an entropy weaver
 19087 | Gauntlet | Found a transporter.
 19096 | Gauntlet | Found a transporter.
 19152 | Gauntlet | Lost intelligence.
 19206 | Gauntlet | Found a transporter.
 19267 | Gauntlet | Got a crude turquoise ring
 19269 | Gauntlet | Identified the ring of Pierusoo {rF+ rN+ Str-4 Slay+6} (You
                  | found it in a Gauntlet)
 20900 | Lair:2   | Found a staircase to the Swamp.
 21891 | Lair:3   | Reached skill level 18 in Axes
 21958 | Lair:3   | Received a gift from Trog
 23004 | Orc:1    | Entered Level 1 of the Orcish Mines
 23431 | Orc:2    | Entered Level 2 of the Orcish Mines
 23504 | Orc:2    | Reached skill level 10 in Dodging
 23676 | Orc:2    | Found a staircase to the Elven Halls.
 23723 | Orc:2    | Received a gift from Trog
 23873 | Orc:2    | Found a roughly hewn altar of Beogh.
 24094 | Orc:2    | Found Vaetzame's Magic Scroll Shop.
 24102 | Orc:2    | Found Taduimp's Magic Scroll Boutique.
 24149 | Orc:2    | Reached XP level 15. HP: 121/137 MP: 14/14
 24195 | Orc:2    | Paralysed by an orc sorcerer for 3 turns
 25104 | D:12     | Bought a +6 ring of intelligence for 877 gold pieces
 25306 | Lair:4   | Found a staircase to the Snake Pit.
 25757 | Lair:4   | Noticed Josephine
 25766 | Lair:4   | Killed Josephine
 26094 | Lair:4   | Got a crude mace
 26098 | Lair:4   | Identified the cursed +0 mace "Vyllypp" {pain, *Rage rElec
                  | Dex+5} (You found it on level 4 of the Lair of Beasts)
 27032 | Lair:5   | Found a frozen archway.
 27048 | IceCv    | Entered an ice cave
 27260 | IceCv    | Reached skill level 15 in Shields
 27337 | IceCv    | Received a gift from Trog
 27582 | IceCv    | Noticed a frost giant
 27599 | IceCv    | Killed a frost giant
 27635 | IceCv    | Got a scorched steel ring
 27659 | IceCv    | Identified the ring "Zaech" {*Tele rElec rF+} (You found it
                  | in an ice cave)
 28267 | Swamp:1  | Entered Level 1 of the Swamp
 29296 | Swamp:1  | Reached XP level 16. HP: 137/147 MP: 5/15
 29863 | Snake:1  | Entered Level 1 of the Snake Pit
 29993 | Snake:1  | Found a runed translucent gate.
 29993 | Snake:1  | Found a runed translucent gate.
 29993 | Snake:1  | Found a runed translucent gate.
 29993 | Snake:1  | Noticed Sumel's ghost (adept DECj)
 31027 | Snake:1  | Reached skill level 15 in Fighting
 31028 | Snake:1  | Killed Sumel's ghost
 31313 | Snake:2  | Found a white marble altar of Elyvilon.
 31466 | Snake:2  | Reached skill level 19 in Axes
 31949 | Snake:2  | Found Itaj's Gadget Emporium.
 33467 | Snake:3  | Got a translucent mace
 33468 | Snake:3  | Identified the +9 mace of Courage {venom, rN+} (You found
                  | it on level 3 of the Snake Pit)
 34040 | Snake:4  | Entered Level 4 of the Snake Pit
 35088 | Snake:4  | Reached XP level 17. HP: 157/157 MP: 5/16
 35110 | Snake:3  | HP: 3/157 [shock serpent/bolt of electricity (22)]
 35110 | Snake:3  | Slain by a naga

Illustrated notes

Levels and vault maps discovered:
D:1:      kilobyte_arrival_exit_the_forest, layout_loops_ring
D:2:      kennysheep_six_static_rooms, layout_rooms, evilmike_ruin_ashenzari,
          chequers_ecumenical_altar_island, uniq_robin
D:3:      kennysheep_big_flooded_room, layout_rooms, uniq_crazy_yiuf_cottage,
          uniq_ijyb, uniq_jessica
D:4:      layout_loops_ring, gammafunk_temple_overflow_statue,
          nicolae_dithmenos_through_a_glass_darkly, first_ration,
          uniq_blork_the_orc
D:5:      layout_basic, nemelex_xobeh_ov_fountains_minmay, uniq_duvessa,
          uniq_prince_ribbit1
D:6:      minmay_octagon_keep, layout_gridville, lemuel_doored_altar,
          serial_park_tiny_pond, uniq_eustachio
D:7:      kennysheep_windowed_halls, layout_cave_pools, slow_altar_1,
          minmay_temple_entry_mini_moons, serial_shops, nicolae_shop_crystal,
          enter_bailey_3
D:8:      layout_basic, basic_altar
D:9:      minmay_bloctagon_deflated, layout_gridville, uniq_joseph
D:10:     layout_basic, david_lair_shrubbed, zombieorc2_lemuel, basic_altar,
          uniq_harold
D:11:     gammafunk_the_bubble [the_bubble_gammafunk_grid], layout_stronghold
D:12:     layout_gridville, serial_shops, shop_statue, serial_undead,
          serial_undead_c, serial_undead_e, serial_undead_b, serial_undead_f,
          serial_undead_c, hangedman_little_slice_of_home, skrybe_limestone_x,
          uniq_psyche
D:13:     layout_loops_ring, erik_vaults_2, serial_shops, nicolae_shop_stone,
          minmay_protected_statue
D:14:     layout_basic, serial_shops, kennysheep_mini
D:15:     grunt_enter_depths_magical_seal, layout_stronghold,
          lemuel_crystal_altar, drop_trap
Lair:1:   layout_loops_ring, gauntlet_entry_generic, disabler_island,
          infiniplex_staircase_pool
Lair:2:   layout_cave_pods, skrybe_swamp_entry_bodies
Lair:3:   lemuel_slime, layout_misc_corridors, serial_bayou_shore_a
Lair:4:   layout_roguey, minmay_snake_entry_guardpost_small,
          minmay_lair_oklob_chamber, serial_bayou_shore_b, uniq_josephine
Lair:5:   layout_small_grid, portal_ice_cave_demonic_guard,
          grunt_forest_large_clearings
Swamp:1:  layout_falls_marsh, evilmike_swamp_ruin_wall
Snake:1:  layout_honeycomb, gammafunk_ghost_split
Snake:2:  layout_rooms, basic_altar, serial_shops, nicolae_shop_behind_doors,
          grunt_ministairs_10, st_stairs_10
Snake:3:  layout_concentric_octagons, lemuel_fruit_tree, grunt_megastairs_1
Snake:4:  minmay_snake_end_coiled, layout_onion_interference
Orc:1:    layout_caves
Orc:2:    pf_orc_diabolical, layout_diamond_mine, basic_altar

Skill      XL: |  1  2  3  4  5  6  7  8  9 10 11 12 13 14 15 16 |
---------------+-------------------------------------------------+-----
Fighting       | 4 5 6 7 8 9 10 11 12 13 14 15 | 15.7
Axes           | 4 5 6 7 9 11 12 14 15 17 18 19 | 19.2
Dodging        | 3 4 5 6 8 10 11 12 | 12.8
Shields        | 1 2 3 4 7 9 11 12 13 15 17 | 17.5
Armour         | 3 5 7 9 10 11 12 13 14 | 14.0
Maces & Flails | |  0.8
Evocations     | |  0.6

Action                   |  1- 3 |  4- 6 |  7- 9 | 10-12 | 13-15 | 16-18 || total
-------------------------+-------+-------+-------+-------+-------+-------++-------
Melee: Hand axe          |    57 |   128 |   252 |   309 |    11 |       ||   757
       Headbutt          |     4 |    22 |    57 |   150 |   302 |   111 ||   646
       War axe           |       |       |    10 |       |   236 |   433 ||   679
       Battleaxe         |       |       |    27 |       |       |       ||    27
       Broad axe         |       |       |       |   355 |   781 |       ||  1136
       Morningstar       |       |       |       |       |   136 |       ||   136
       Mace              |       |       |       |       |     3 |    17 ||    20
Invok: Berserk           |     3 |     5 |     9 |     8 |    23 |     4 ||    52
       Trog's Hand       |       |       |     4 |     1 |     6 |     2 ||    13
       Brothers in Arms  |       |       |       |    11 |    18 |     1 ||    30
Evoke: Wand              |       |       |       |       |     2 |       ||     2
  Use: Scroll            |       |       |     9 |     4 |    10 |     2 ||    25
       Potion            |       |       |       |       |     6 |     2 ||     8
 Stab: Distracted        |     1 |       |       |       |       |       ||     1
  Eat: Chunk             |     3 |    11 |    19 |    22 |    53 |     9 ||   117
       Ration            |       |       |     1 |     4 |    10 |     4 ||    19
Armor: Animal skin       |    14 |     4 |       |       |       |       ||    18
       Ring mail         |       |    24 |    54 |       |       |       ||    78
       Chain mail        |       |       |    23 |   225 |   444 |     2 ||   694
       Scale mail        |       |       |     2 |       |       |       ||     2
       Swamp dragon scal |       |       |       |       |       |    43 ||    43
Dodge: Dodged            |    37 |    65 |   147 |   125 |   355 |   116 ||   845
Block: Buckler           |     2 |    15 |    26 |       |       |       ||    43
       Tower shield      |       |       |    51 |   438 |  1234 |   507 ||  2230
       Reflection        |       |       |       |       |     1 |    69 ||    70
